[Event "Indian Blitz Championship 2023"]
[Site "Nashik"]
[Date "2024.03.07"]
[Round "4.6"]
[White "Jinan Jomon"]
[Black "Kushagra Mohan"]
[Result "0-1"]
[ECO "A28"]
[WhiteElo "2380"]
[BlackElo "2351"]
[Annotator "TA"]
[PlyCount "186"]
[EventDate "2024.03.07"]
[EventType "blitz"]
[EventCountry "IND"]
[SourceTitle "playchess.com"]
[Source "ChessBase"]
[SourceQuality "1"]
[TimeControl "180+2"]

1. c4 e5 2. Nc3 Nf6 3. Nf3 Nc6 4. e3 Bb4 5. Qc2 Bxc3 6. Qxc3 Qe7 7. d4 e4 8. Ng1 d5 9. Ne2 {[%emt 0:00:10] White has an edge.} h5 (9... dxc4 $11 10. Qxc4 Be6) 10. h4 Bg4 11. Nf4 O-O-O (11... Qd7 $14) 12. Bd2 (12. c5 $142 $1) 12... Be6 (12... dxc4 $16 {was worth a try.} 13. Bxc4 Rdg8) 13. b4 $18 dxc4 14. b5 $1 (14. Bxc4 Bxc4 15. Qxc4 Qe8 $14) 14... Nb8 15. Nxe6 (15. Bxc4 $18 Bxc4 16. Qxc4) 15... fxe6 $16 16. Bxc4 {[%emt 0:00:09] Strongly threatening Qa5.} Nbd7 17. Rc1 Nb6 {[%emt 0:00:06] [#]} 18. Bxe6+ $1 Kb8 19. Bb3 {[%emt 0:00:06] This pair of bishops is nice.} Nfd5 (19... Rdf8 $16) 20. Qc5 Qf6 (20... Rd6 $16 21. a4 Nd7) 21. a4 $18 Rhf8 22. Rf1 {[%emt 0:00:03] a5 is the strong threat.} Qxh4 23. a5 Rf6 (23... Na8 24. a6 (24. Bxd5 Rf5 $16) 24... Nab6 25. axb7 Rf7) 24. axb6 axb6 25. Qa3 Rdf8 26. Kd1 (26. Ra1 $142 Kc8 27. Bxd5) 26... Qg5 27. Ra1 Kc8 28. Kc2 Rxf2 29. Qxf8+ Rxf8 30. Rxf8+ Kd7 31. Raf1 Nf6 32. Rf7+ Ke8 33. Ra1 Nd5 34. Bxd5 Qxd5 35. Rxc7 {[%emt 0:00:02] White threatens Ra8+ and mate.} Kd8 36. Rc3 $2 (36. Rxg7 Qc4+ 37. Kd1 Qf1+ 38. Be1 Qd3+ 39. Kc1 Qxe3+ 40. Bd2 Qg1+ 41. Kb2 Qxd4+ 42. Bc3 Qxg7 43. Bxg7) 36... Qxb5 (36... Kd7 {was necessary.} 37. Rf1 (37. Ra7 h4 $18) 37... h4) 37. Rb1 Qa4+ 38. Kc1 b5 39. Rcb3 Qc4+ 40. Kb2 (40. Kd1 $142) 40... h4 $2 (40... Qe2) 41. Rc1 Qe2 42. Rc2 Kd7 43. Rbc3 Qxg2 44. Rc7+ Ke6 45. Rxb7 {[%emt 0:00:00][%cal Od2b4] aiming for Bb4!} h3 46. Rc6+ $2 (46. Rxb5 h2 47. d5+ Kf5 48. d6+ Ke6 $11) ({Better is} 46. Bb4 $18 Qxc2+ 47. Kxc2) 46... Kd5 $11 47. Rc5+ (47. Rxb5+ $2 Kxc6 48. Rc5+ Kb6 $19 (48... Kd7 $2 49. Rd5+ Kc6 50. Rc5+ Kb6 51. Rc2 $19)) 47... Kd6 $1 48. Rc2 (48. Kc2 $11 Qe2 (48... h2 $2 49. Rcxb5 Ke6 50. R5b6+ Kf5 51. Rf7+ Kg5 52. Rxg7+ Kf5 53. Rxg2 $18) 49. Rcxb5 (49. Rbxb5 h2 $11) 49... Qd3+ (49... h2 50. R5b6+ Kd5 51. Rd7+ Kc4 52. Rb4#) 50. Kd1 (50. Kc1 Qc4+ 51. Kb2 h2 $11) 50... Qf1+ 51. Be1 Qd3+ (51... h2 52. R5b6+ Kd5 53. Rd7+ Kc4 54. Rc7+ Kd5 55. Rc5#) 52. Bd2 Qf1+ 53. Be1 Qd3+ (53... h2 54. R5b6+ Kd5 55. Rd7+ Kc4 56. Rc7+ Kd5 57. Rc5#) 54. Kc1 Qc4+ (54... Qxe3+ 55. Bd2 $11) 55. Kd1 Qd3+) 48... Ke6 $18 49. Bb4 (49. Rxb5 h2 50. d5+ Kf5 51. d6+ Ke6 $11) 49... Qg1 50. Rc6+ (50. Rxb5 h2 51. Re5+ Kf7 52. Rc7+ (52. Rxe4 $2 h1=Q $19) 52... Kg8 53. Rc8+ (53. Rxe4 $2 h1=Q $19) 53... Kf7 54. Rc7+ (54. Rxe4 $2 h1=Q $19) 54... Kg8 55. Rc8+ (55. Rxe4 h1=Q 56. Re8+ Kh7 57. Re5 Qb1+ 58. Ka3 Qhd1) 55... Kf7 56. Rc7+ $11 (56. Rxe4 $2 h1=Q $19)) 50... Kd5 51. Rc5+ (51. Rxb5+ $2 Kxc6 52. Rc5+ Kb7 $19 (52... Kd7 $2 53. Rd5+ Ke6 54. Rd6+ Kf5 55. Rd5+ Kg4 56. Rd7 $19)) 51... Ke6 52. Rc6+ (52. Rcxb5 Qxe3 53. Re7+ (53. Rxg7 $2 Qe2+ 54. Kb3 Qxb5 $19) 53... Kf6 54. Rb6+ Kf5 55. Rf7+ (55. Rxg7 $2 Qxd4+ 56. Bc3 Qxb6+ $19) 55... Kg4 56. Rxg7+ Kf3 57. Rf6+ Ke2 $16) (52. Re7+ $142 Kxe7 53. Rg5+ (53. Rxb5+ $2 Kf6 $19) 53... Kf7 54. Rxg1 h2 55. Rh1 Ke6 56. Rxh2 g6 57. Rh6) 52... Kd5 53. Rc5+ (53. Rxb5+ $2 Kxc6 54. Rc5+ Kb7 (54... Kd7 $2 55. Rd5+ Kc6 56. Rc5+ Kb7 57. Rb5+ Ka6 58. Ra5+ Kb6 59. Rh5 $19) 55. Rb5+ Ka6 56. Ra5+ Kb6 $19) (53. Rbb6 $18 Qf2+ 54. Rc2 Qxc2+ 55. Kxc2 Kc4 56. Bd6 g6 57. Bh2 (57. Rc6+ Kd5 58. Rb6 Ke6 59. Bf4+ Kf7 60. Rxb5 Ke8 61. Rg5 Kf7) 57... g5 58. Rc6+ Kd5 59. Rg6 (59. Rc5+ Ke6 60. d5+ Kf7 61. d6 Ke8 62. Rxg5 Kd7 63. Rg7+ Kd8)) 53... Ke6 54. Re5+ $2 (54. Rcxb5 Qxe3 55. Re7+ (55. Rxg7 $2 Qe2+ 56. Kb3 Qxb5 $19) 55... Kf6 56. Rb6+ Kf5 57. Rf7+ (57. Rxg7 $2 Qxd4+ 58. Kc2 Qxg7 $19) 57... Kg4 58. Rxg7+ Kf3 59. Rf6+ Ke2 $11) (54. Re7+ {mates} Kxe7 55. Rg5+ (55. Rxb5+ $2 Kf6 $19) 55... Kf7 56. Rxg1 h2 57. Rh1 Ke6 58. Rxh2 g6 59. Rg2) 54... Kf6 $11 55. Rb6+ Kf7 56. Rb7+ Kg8 57. Rh5 (57. Rexb5 $2 Qf2+ 58. Kb3 Qxe3+ 59. Bc3 Qh6 $19) 57... h2 {[%emt 0:00:03] ...Qg2+ would now be deadly.} 58. Rb8+ (58. Rhxb5 $2 h1=Q $19 (58... h1=B $2 59. Bc3 $18) (58... h1=B $2 59. Bc3 $18)) 58... Kf7 59. Rbh8 (59. Rbxb5 Qf2+ (59... h1=B 60. Rbf5+ Kg6 61. Rhg5+ Qxg5 62. Rxg5+ Kxg5 63. Kb3 $11) (59... h1=Q $2 60. Rb7+ Kg6 61. Rxh1 $19) (59... h1=R $2 60. Rb7+ Kg6 61. Rxh1 $19) 60. Kb3 Qxe3+ 61. Bc3 Qg1 62. Rb7+ Kg6 $17) 59... Qf2+ 60. Kb3 {[%emt 0:00:02] Threatening mate with Rf8+.} Qxe3+ 61. Bc3 Qd3 {[%emt 0:00:06] Chess con chili.} 62. Rxh2 {[%emt 0:00:01] Threatens to win with Rb8.} Qc4+ 63. Kb2 $1 {[%emt 0:00:01][%cal Od4d5] And now d5! would win.} b4 $1 64. Be1 Qxd4+ 65. Kb1 $2 (65. Ka2 $15) 65... Qd1+ $19 66. Kb2 Qxe1 {[%emt 0:00:02][%mdl 4096] Endgame. KQ-KRR} 67. Rc2 Qe3 68. Rhh2 Qd4+ 69. Kb3 e3 70. Rc7+ Kg8 $2 (70... Kg6 $19 71. Rg2+ Kf5 72. Rgxg7 Qd5+ 73. Kc2 e2 74. Rgf7+ Kg6) 71. Rcc2 $2 (71. Rc8+ $11 Kf7 72. Rcc2) 71... Qd6 72. Rhe2 Qe7 $2 (72... Qd3+ $19 {and Black stays clearly on top.} 73. Kxb4 Kf7) 73. Rc4 {[%emt 0:00:02] [#]} g5 $1 {[%emt 0:00:04] White must now prevent ...Qe6.} 74. Rxb4 {[%emt 0:00:03] [#]} Qe6+ $1 75. Rc4 $2 (75. Kb2 $17) 75... g4 76. Kb4 g3 77. Rcc2 Kg7 78. Kc3 Qe4 79. Rg2 Qf3 80. Rce2 Kg6 81. Kd3 Kf5 82. Ra2 Kg4 (82... e2+ $142 83. Kd2 Qd5+ (83... Qxg2 {gets mated.} 84. Ra5+ Kg4 85. Re5 e1=R+ 86. Kxe1 Qf2+ 87. Kd1 Qd4+ 88. Kc2 Qxe5 89. Kb3 g2 90. Kb4 g1=Q 91. Kc4 Qc1+ 92. Kb4 Qec5+ 93. Kb3 Q5c4#) 84. Kxe2 Qxg2+ (84... Qxa2+ 85. Kf3 Qb3+ 86. Ke2 Qc2+ 87. Ke3 Qxg2 88. Kd4 Qe4+ 89. Kc3 g2 90. Kd2 g1=Q 91. Kc3 Qc1+ 92. Kb3 Qec4#) 85. Ke3 Qxa2 86. Kd4 g2 87. Kc5 g1=Q+ (87... g1=R 88. Kd4 Qc2 89. Ke3 Rg3+ 90. Kd4 Rd3#) 88. Kb5 Qd5+ (88... Qb3+ $2 89. Kc6 Qgb6+ 90. Kd7 Q3e6#) 89. Kb4 Qgc5+ 90. Ka4 Qd1#) 83. Rge2 Kh3 84. Rac2 Qf4 $2 (84... g2 $19 {has better winning chances.} 85. Rxe3 Qxe3+ (85... g1=Q 86. Rxf3+ Kg4 87. Rcf2 $11) 86. Kxe3 g1=Q+ (86... g1=B+ 87. Kf3 $11) 87. Kd3 Qg6+ 88. Kc3 Qf5) 85. Rb2 $2 (85. Rxe3 $17 Qf5+ 86. Kd2) 85... Qf3 86. Rbc2 $1 Qf4 87. Rb2 $1 Qe5 {[%emt 0:00:00] ( -> ...Kg4)} 88. Ra2 Kg4 {[%emt 0:00:03] Black mates.} 89. Rab2 Kf3 90. Ra2 Qd5+ 91. Kc3 Qc6+ 92. Kd4 Qd6+ 93. Kc3 Qc5+ {[%emt 0:00:10] What a bad dream for White.   Weighted Error Value: White=0.78/Black=0.62.  Loses game:     	White=2     	Black=1      Mistake:       	White=4     	Black=6      Inaccurate:     	White=4     	Black=3      OK:         	White=13    	Black=9      Best:        	White=3     	Black=10     Strong:       	White=4     	Black=3} 0-1

[Event "Indian Blitz Championship 2023"]
[Site "Nashik"]
[Date "2024.03.07"]
[Round "4.7"]
[White "Sengupta, Deep"]
[Black "Ayush Sharma"]
[Result "1-0"]
[ECO "A13"]
[WhiteElo "2500"]
[BlackElo "2311"]
[Annotator "TA"]
[PlyCount "141"]
[EventDate "2024.03.07"]
[EventType "blitz"]
[EventCountry "IND"]
[SourceTitle "playchess.com"]
[Source "ChessBase"]
[SourceQuality "1"]
[TimeControl "180+2"]

1. Nf3 Nf6 2. c4 e6 3. b3 d5 4. Bb2 c5 5. cxd5 exd5 6. e3 Nc6 7. Bb5 Bd7 8. O-O Be7 9. d4 cxd4 10. Nxd4 {[%emt 0:00:00] White is slightly better.} O-O 11. Be2 Re8 12. Nd2 Rc8 13. N2f3 Ne4 14. Rc1 Bf6 15. Nxc6 bxc6 16. Bxf6 Qxf6 17. Qd4 {[%emt 0:00:00] Prevents Nc3} Qxd4 18. Nxd4 c5 19. Nf3 a5 20. Rfd1 Be6 21. Nd2 Nd6 22. Bf3 Red8 23. Nb1 c4 24. h3 (24. Bxd5 Bxd5 25. Rxd5 cxb3 $19) 24... cxb3 25. Rxc8 Rxc8 26. axb3 Ne4 27. Nd2 f5 28. g4 Ng5 29. Bg2 Ne4 (29... fxg4 $11 {keeps the balance.} 30. hxg4 Rc2) 30. gxf5 $16 Bxf5 31. Nxe4 Bxe4 32. Bxe4 (32. f3 $1 $16 Bc2 33. Rxd5) 32... dxe4 {[%emt 0:00:01][%mdl 4096] Endgame. KR-KR} 33. Rd5 Rb8 (33... Ra8 $11) 34. Rxa5 Rxb3 35. Ra4 g6 36. Rxe4 Kf7 37. Kg2 Rb5 38. h4 h6 39. Kg3 Rb1 40. Ra4 Rg1+ 41. Kf3 Rh1 42. Kg2 Re1 43. Ra6 {[%emt 0:00:04][%cal Oh4h5] h5! would now be deadly.} Rb1 $2 {[%emt 0:00:03][%mdl 8192] [#]} (43... Kg7 $16 {is a better chance.} 44. Ra5 h5) 44. h5 $1 $18 gxh5 45. Rxh6 Rb5 46. Kg3 Kg7 47. Rc6 Rg5+ 48. Kf4 Rg4+ {[%emt 0:00:02] [#]} (48... Rg2 {was worth a try.} 49. Kf3 Rg1) 49. Kf3 $1 Ra4 50. Re6 Kf7 51. Rh6 Ra5 52. e4 Kg7 53. Rb6 Rg5 54. Ke3 h4 55. f4 $2 (55. Rb7+ $18 Kh6 56. Rb6+ Kg7 57. Rd6) 55... Rg3+ $11 56. Kf2 Rg4 57. Ke3 Rg3+ 58. Kd4 h3 {[%emt 0:00:03] ...h2 is the strong threat.} 59. Rb2 Rg2 60. Rb3 Rd2+ (60... h2 $5 61. Rh3 $8 Kf6 $11) 61. Ke5 h2 62. Rh3 {[%emt 0:00:01] Wards off h1Q} Kg6 $1 63. Ke6 {[%emt 0:00:03] Hoping for f5+.} (63. Rh8 {simplifies} Rf2 64. Kd4 Rxf4 65. Rxh2 Rf6 66. Ke5) 63... Re2 64. e5 {[%emt 0:00:00] White wants to mate with f5+.} Re4 $2 (64... Ra2 $11) 65. f5+ Kg5 66. f6 (66. Rxh2 $142 Ra4 67. f6 Ra6+ 68. Kf7 Ra7+ 69. Kg8 Ra8+ 70. Kg7 Kf5 71. f7 Kxe5 72. Rh4 (72. f8=B Ke6 $14) (72. f8=Q Rxf8 73. Kxf8 Ke4 74. Rh4+ Kf5 75. Kf7 Ke5 76. Ke7 Kd5) (72. f8=R Ra7+ 73. Kh8 Ke4 $18)) 66... Rh4 $18 {[%emt 0:00:02] [#]} 67. Rxh2 $3 Rxh2 $11 68. f7 Rf2 {[%emt 0:00:02] ( -> ...Kg6)} (68... Rh8 $5 69. Ke7 $8 Rc8 $11) 69. Ke7 {[%emt 0:00:00] Intending e6 and mate.} Rf5 $2 (69... Kg6 $11 70. f8=Q Rxf8 71. Kxf8 Kf5) 70. e6 ({Worse is} 70. f8=R Rxe5+ 71. Kd6 Rb5 $11) 70... Kf4 71. f8=Q {[%emt 0:00:02] Weighted Error Value: White=0.19 (very precise) /Black=0.30.  Loses game:     	---       	Black=3      Missed win:     	White=1     	---        Mistake:       	White=1     	Black=3      Inaccurate:     	White=2     	Black=3      OK:         	White=20    	Black=25     Best:        	White=5     	Black=2      Strong:       	White=1     	Black=1      Brilliant:      	White=1     	---} 1-0

[Event "Indian Blitz Championship 2023"]
[Site "Nashik"]
[Date "2024.03.07"]
[Round "4.8"]
[White "Nagare Kaivalya Sandip"]
[Black "Nitin, S.."]
[Result "0-1"]
[ECO "B08"]
[WhiteElo "2074"]
[BlackElo "2338"]
[Annotator "TA"]
[PlyCount "66"]
[EventDate "2024.03.07"]
[EventType "blitz"]
[EventCountry "IND"]
[SourceTitle "playchess.com"]
[Source "ChessBase"]
[SourceQuality "1"]
[TimeControl "180+2"]

1. e4 g6 2. d4 Bg7 3. Nc3 c6 4. Nf3 d6 5. h3 Nf6 6. a4 O-O 7. Be3 Qc7 8. Qd2 e5 9. Be2 ({Better is} 9. dxe5 $16 dxe5 10. Bc4) 9... exd4 $11 10. Nxd4 Re8 11. f3 {[%emt 0:00:18] The position is equal.} Nbd7 12. O-O-O a6 13. Nb3 {[%emt 0:00:12] [#]} d5 14. g4 (14. Bf4 Ne5) 14... Nb6 $2 (14... b5 $15 {keeps the upper hand.}) 15. Bf4 (15. a5 $16 Nbd7 16. Bf4 (16. exd5 Nxd5 17. Nxd5 Qe5 $14)) 15... Qe7 $14 16. a5 Nc4 17. Bxc4 dxc4 18. Bd6 {[%emt 0:00:02] Black is weak on the dark squares} Qd8 {[%emt 0:00:03] [#]} 19. Nc5 (19. Bb4 $1 $16 Be6 20. Qf2 (20. Nc5 Qxd2+ 21. Kxd2 Nd7 $16)) 19... Qxa5 $11 20. Kb1 b5 21. e5 (21. Qf4 $11 {feels stronger.}) 21... Nd7 {[%emt 0:00:02] aiming for ...Nxc5.} (21... b4 $5 22. N3a4 Nd5 $14) 22. f4 (22. Qd4 $1 $11) 22... Nxc5 $15 23. Bxc5 {[%emt 0:00:02] [#]} Be6 ({Black should try} 23... b4 $1 $17 24. Ne4 c3) 24. f5 gxf5 (24... b4 $1 $15 25. fxe6 Qxc5) 25. gxf5 Bxf5 26. Rdg1 $2 {[%emt 0:00:08][%mdl 8192] Loses the game.} ({Only move:} 26. Qf2 $1 $15 Rxe5 27. Bb6) 26... Bg6 $1 $19 {[%emt 0:00:01][%cal Ob5b4] Threatens to win with ...b4!} (26... Rxe5 27. Rxg7+ Kxg7 28. Qg5+ Bg6 29. Qxe5+ f6 30. Qe7+ Kg8 31. Qxf6 $18) 27. h4 (27. Ne4 $142 Qxd2 28. Nxd2 Rxe5 (28... Bxe5 $2 29. Nf3 $19) 29. Bd4) 27... h5 (27... Bxe5 $2 {too greedy.} 28. h5 Qd8 29. Qg2 $18) 28. Rxg6 fxg6 29. Qd6 {[%emt 0:00:01][%cal Oh1g1] Rg1! would now be deadly.} Rxe5 {[%emt 0:00:18] ...Rae8 is the strong threat.} 30. Bd4 (30. Qxg6 $142 Rae8 (30... Rxc5 31. Ne4 $15) 31. Rd1) 30... Rd8 31. Qxg6 Rxd4 32. Rg1 Qc7 (32... Rg4 $142 33. Qxg7+ Rxg7 34. Rd1 Qb6 35. b3 cxb3 36. Kb2 bxc2 37. Rd2 b4 38. Ne2 Rxe2 39. Rxe2 Qd4+ (39... b3 {gets mated.} 40. Re8+ Kh7 41. Re1 Qd4+ 42. Ka3 b2 43. Rf1 c1=Q 44. Rxc1 bxc1=Q+ 45. Kb3 Qdc4#) 40. Kxc2 Qc3+ (40... Qxh4 41. Re8+ Kf7 42. Re3 Qc4+ 43. Kb1 Rg1+ 44. Kb2 Rg2+ 45. Re2 Rxe2+ 46. Kb1 Qe4+ 47. Kc1 Qh1#) 41. Kb1 Rg1+ 42. Re1 Rxe1+ 43. Ka2 Qc2#) 33. Qf6 {[%emt 0:00:16] [#]} Re1+ $3 {[%emt 0:00:07] Weighted Error Value: White=1.23/Black=0.70.  Loses game:     	White=1     	---        Mistake:       	White=6     	Black=3      Inaccurate:     	White=2     	Black=3      OK:         	White=4     	Black=7      Best:        	White=1     	Black=1      Strong:       	---       	Black=1      Brilliant:      	---       	Black=1} 0-1

[Event "Indian Blitz Championship 2023"]
[Site "Nashik"]
[Date "2024.03.07"]
[Round "4.9"]
[White "Srihari L R"]
[Black "Vignesh B"]
[Result "1-0"]
[ECO "D26"]
[WhiteElo "2490"]
[BlackElo "2209"]
[Annotator "TA"]
[PlyCount "59"]
[EventDate "2024.03.07"]
[EventType "blitz"]
[EventCountry "IND"]
[SourceTitle "playchess.com"]
[Source "ChessBase"]
[SourceQuality "1"]
[TimeControl "180+2"]

1. d4 d5 2. c4 dxc4 3. Nf3 Nf6 4. e3 c5 5. Bxc4 cxd4 6. O-O e6 7. exd4 Be7 8. Nc3 O-O 9. Re1 Nc6 10. a3 a6 11. Bg5 h6 12. Bh4 b5 13. Ba2 b4 {[%emt 0:00:23] The position is equal.} 14. Na4 Rb8 15. Rc1 Na5 16. Nc5 Nd5 17. Bg3 Bd6 18. Ne5 ({White should try} 18. Qd3 $16 {Bb1 would now be deadly.} bxa3 19. bxa3 (19. Nxa6 $2 Bxa6 20. Qxa6 Bxg3 $19) (19. Qxa3 Rb5 $14)) 18... bxa3 $14 19. bxa3 Rb2 {[%emt 0:00:05] Inhibits Qc2.} 20. Re2 Rxe2 21. Qxe2 Bxe5 22. Bxe5 Nc6 {[%emt 0:00:00] [#]} (22... Ne7 $1 $14) 23. Nxe6 $1 $16 {[%emt 0:00:11][%mdl 512] White has more active pieces.} Bxe6 24. Rxc6 Qa5 (24... Qe8 $16 {was necessary.} 25. Qxa6 (25. Rxa6 $2 Nc3 $17) 25... Nc7 26. Rxc7 Bxa2) 25. Rc5 $18 (25. Rxa6 Qc3 26. h3 Qc1+ 27. Qf1 Rc8 28. Qxc1 Rxc1+ 29. Kh2 Ne3 30. fxe3 (30. Bxe6 Nf1+ 31. Kg1 Ne3+ 32. Kh2 Nf1+ 33. Kg1 Ne3+ 34. Kh2 $11) (30. Ra8+ Kh7 $16) 30... Bxa2 $16) (25. Qxa6 Qd2 26. Bxd5 Bxd5 $16) 25... Qd8 26. h3 a5 (26... Nf4 $142 27. Bxf4 Qxd4) 27. Qf3 Nb6 (27... Nf6) 28. Bxe6 fxe6 {[%emt 0:00:00] Black is weak on the dark squares} 29. Qg4 {[%emt 0:00:01][%csl Ge5][%cal Rg4g7] [#]} Qe8 30. Qxg7# {[%emt 0:00:02] Weighted Error Value: White=0.14 (very precise) /Black=0.75.  Mistake:       	White=1     	Black=4      Inaccurate:     	---       	Black=3      OK:         	White=8     	Black=4      Brilliant:      	White=1     	---} 1-0

[Event "Indian Blitz Championship 2023"]
[Site "Nashik"]
[Date "2024.03.07"]
[Round "4.10"]
[White "Aronyak Ghosh"]
[Black "Sharma, Harish"]
[Result "1-0"]
[ECO "D02"]
[WhiteElo "2517"]
[BlackElo "1926"]
[Annotator "TA"]
[PlyCount "83"]
[EventDate "2024.03.07"]
[EventType "blitz"]
[EventCountry "IND"]
[SourceTitle "playchess.com"]
[Source "ChessBase"]
[SourceQuality "1"]
[TimeControl "180+2"]

1. Nf3 e6 2. d4 d5 3. Bf4 Bd6 4. e3 f5 5. c4 c6 6. Nbd2 Nf6 7. Be2 Qe7 8. O-O {[%emt 0:00:00] Weiß steht besser.} O-O 9. c5 Bc7 10. b4 a6 11. a4 Qd8 12. b5 axb5 13. axb5 Rxa1 14. Qxa1 Nbd7 {[%emt 0:00:08] [#]} (14... Bxf4 $16 15. exf4 cxb5 16. Bxb5 Rf7) 15. b6 (15. bxc6 $1 $18 bxc6 16. Qa7 Bxf4 17. exf4) 15... Bxf4 $16 16. exf4 Ne4 17. Nb3 g5 18. Qc1 h6 {[%emt 0:00:14] [#]} (18... g4 $16) 19. Ne5 $1 $18 gxf4 20. f3 Nxe5 21. dxe5 Ng5 22. Qxf4 Qe7 23. Bd3 (23. h4 $142 Nf7 24. Qg3+ Kh8 25. f4) 23... Qg7 $16 {[%emt 0:00:01] Droht ...Nh3+ und aus.} 24. Kh1 Bd7 25. Ra1 {[%emt 0:00:06] Weiß steht deutlich aktiver.} Nf7 26. Re1 Ra8 27. Bf1 Ra2 (27... Nh8 $14) 28. Qe3 Ra3 29. f4 $36 {[%emt 0:00:04][%mdl 2048] Weiss hat starke Initiative.} Nh8 30. Ra1 Rxa1 31. Nxa1 Ng6 32. Nb3 Ne7 {[%emt 0:00:06] Schwarz hat schwache schwarze Felder} (32... h5 $16 33. Be2 h4) 33. Kg1 Qg4 (33... Ng6 $16 34. Na5 Be8) 34. Be2 $18 Qg6 35. Qg3 Qxg3 36. hxg3 {[%emt 0:00:01][%mdl 4096] Endspiel. KBN-KBN} Kg7 37. g4 Kg6 38. Nd4 fxg4 39. Bxg4 Kf7 40. Kf2 Ng6 $2 (40... Bc8 {war angesagt.} 41. Bh5+ Kg8) 41. Kg3 (41. Bh5 $142) 41... Ke7 42. Bh5 {[%emt 0:00:02] Gewichteter Fehlerwert: Weiß=0.20 (präzise) /Schwarz=0.24 (präzise) .  Fehler:       	Weiß=3     	Schwarz=6     Ungenau:       	Weiß=1     	Schwarz=3     OK:         	Weiß=14    	Schwarz=10    Bester:       	---       	Schwarz=2} 1-0

[Event "Indian Blitz Championship 2023"]
[Site "Nashik"]
[Date "2024.03.07"]
[Round "5.1"]
[White "Raja Rithvik R"]
[Black "Srihari L R"]
[Result "1-0"]
[ECO "D35"]
[WhiteElo "2532"]
[BlackElo "2490"]
[Annotator "TA"]
[PlyCount "123"]
[EventDate "2024.03.07"]
[EventType "blitz"]
[EventCountry "IND"]
[SourceTitle "playchess.com"]
[Source "ChessBase"]
[SourceQuality "1"]
[TimeControl "180+2"]

1. d4 Nf6 2. c4 e6 3. Nf3 d5 4. Nc3 Nbd7 5. Bf4 c6 6. e3 Be7 7. h3 O-O 8. Rc1 b6 9. cxd5 exd5 10. Bd3 Bb7 11. O-O Re8 12. Qc2 Nf8 13. Rfd1 Ng6 {[%emt 0:00:02] White has an edge.} 14. Bh2 Bd6 15. Bxd6 Qxd6 16. a3 Re7 17. b4 Rae8 18. Qb3 Ne4 19. a4 f5 20. b5 (20. Ne2 $14) 20... cxb5 $2 ({Black should try} 20... Nxf2 $1 $11 21. Kxf2 Rxe3) 21. Nxb5 $16 Qb8 22. Nc3 $36 {[%emt 0:00:30][%mdl 2048] White is in control.} Qd6 {[%emt 0:00:01][%cal Oe4f2] [#]} 23. a5 bxa5 $2 {[%emt 0:00:08] [#] White stays focused until the end.} (23... Nxf2 $1 $11 {and Black stays safe.} 24. Kxf2 Rxe3) 24. Bxe4 $1 $18 fxe4 {[%emt 0:00:05] [#]} 25. Nxe4 Qb4 (25... Qb6 26. Nc5) 26. Nc5 {[%emt 0:00:03] Excellent horsemanship.} Qxb3 27. Nxb3 a4 28. Nc5 Bc6 29. Ra1 Rb8 (29... a5 {is a better defense.} 30. Nxa4 Ra7) 30. Nxa4 Be8 31. Nc3 Rd7 32. Ra5 Bf7 33. Rda1 Rbb7 34. Ng5 Ne7 35. Na4 Nc6 36. Rc5 Ne7 37. Rc3 {[%emt 0:00:03] Hoping for Nc5.} h6 38. Nxf7 Kxf7 39. Nc5 Rdc7 40. Rca3 Rb2 41. Rxa7 Rxa7 42. Rxa7 {[%emt 0:00:01][%mdl 4096] Endgame. KRN-KRN} Kf6 43. Ra6+ Kf7 44. g4 Ng6 45. Kg2 Nh4+ (45... Rb5 $142 46. Ra7+ Ne7) 46. Kg3 g5 47. Rxh6 Rb1 48. f4 Rg1+ 49. Kf2 Rg2+ 50. Kf1 Rg3 51. fxg5 Rxh3 {[%emt 0:00:04] White mates.} 52. Ke2 Kg7 53. Ne6+ Kf7 54. Nf4 Rh2+ 55. Kd3 Nf3 56. Rxh2 Nxh2 57. Nxd5 {[%emt 0:00:01] KN-KN} Kg6 58. e4 Kxg5 59. Ne3 Nf3 60. e5 Nh4 61. Ke4 Ng6 62. d5 {[%emt 0:00:00] Weighted Error Value: White=0.13 (very precise) /Black=0.31.  Loses game:     	---       	Black=1      Mistake:       	White=2     	Black=3      Inaccurate:     	---       	Black=1      OK:         	White=19    	Black=10     Best:        	White=1     	Black=1      Strong:       	White=1     	---        Brilliant:      	White=1     	---} 1-0

[Event "Indian Blitz Championship 2023"]
[Site "Nashik"]
[Date "2024.03.07"]
[Round "5.2"]
[White "Kushagra Mohan"]
[Black "Mohammad Nubairshah Shaikh"]
[Result "0-1"]
[ECO "B08"]
[WhiteElo "2351"]
[BlackElo "2436"]
[Annotator "TA"]
[PlyCount "46"]
[EventDate "2024.03.07"]
[EventType "blitz"]
[EventCountry "IND"]
[SourceTitle "playchess.com"]
[Source "ChessBase"]
[SourceQuality "1"]
[TimeControl "180+2"]

1. e4 g6 2. d4 Bg7 3. Nf3 c6 4. h3 d6 5. Be2 Nf6 6. Nc3 O-O 7. a4 Nbd7 8. O-O e5 9. dxe5 dxe5 10. Be3 Qe7 11. Bc4 Nc5 12. Nd2 Rd8 13. Qe2 Ne6 14. Bd3 (14. Rad1 $11 {bleibt in der Remisbreite.}) 14... Nh5 $17 {[%emt 0:00:01] Schwarz steht besser.} 15. Nc4 ({Besser ist} 15. Nf3) 15... Nef4 16. Bxf4 Nxf4 17. Qf3 Qf6 {[%emt 0:00:32][%cal Of4h3] Schwarz steht aktiver.} 18. Qg3 h5 19. h4 (19. Kh1 $17 {ist wohl besser.}) 19... Be6 20. Rad1 (20. Rfd1 $142) 20... Rd4 21. Na5 Qe7 {[%emt 0:00:11] ...Rad8 ist eine echte Drohung.} 22. Nb3 Rd7 23. Ne2 $2 {[%emt 0:00:02] [#]} (23. Be2) 23... Rxd3 $1 {[%emt 0:00:02][%mdl 512] Schwarz nahm nach der Eröffnung die Zügel in die Hand.   Gewichteter Fehlerwert: Weiß=0.72/Schwarz=0.14 (sehr präzise) .  Fehler:       	Weiß=5     	---        OK:         	Weiß=3     	Schwarz=3     Brilliant:      	---       	Schwarz=1} 0-1

[Event "Indian Blitz Championship 2023"]
[Site "Nashik"]
[Date "2024.03.07"]
[Round "5.3"]
[White "Manish Anto Cristiano F"]
[Black "Sengupta, Deep"]
[Result "1-0"]
[ECO "C11"]
[WhiteElo "2286"]
[BlackElo "2500"]
[Annotator "RC"]
[PlyCount "51"]
[EventDate "2024.03.07"]
[EventType "blitz"]
[EventCountry "IND"]
[SourceTitle "playchess.com"]
[Source "ChessBase"]
[SourceQuality "1"]
[TimeControl "180+2"]

1. e4 e6 2. d4 d5 3. Nc3 Nf6 4. e5 Nfd7 5. f4 c5 6. Nf3 Nc6 7. Be3 Be7 8. Qd2 O-O 9. Be2 b6 10. O-O Bb7 11. Nd1 cxd4 12. Nxd4 Nc5 13. Nf2 Rc8 14. c3 Nxd4 15. Bxd4 Qc7 16. b4 Ne4 17. Nxe4 dxe4 18. f5 Qc6 19. Qe3 f6 20. Bg4 fxe5 21. Bxe5 Qd5 22. Qg3 Ba6 23. Be2 Qxe5 24. Qxe5 Bxe2 25. Qxe6+ Rf7 26. Qxc8+ 1-0